 Dungeon Crawl Stone Soup version 0.19-a0-32-gbfd796a (webtiles) character file.

14 M4edhros the Grave Robber (level 2, -3/17 HPs)
             Began as an Octopode Necromancer on May 2, 2016.
             Slain by a hobgoblin
             ... wielding a +0 club
              (4 damage)
             ... on level 2 of the Dungeon.
             The game lasted 00:00:49 (112 turns).

M4edhros the Grave Robber (Octopode Necromancer)     Turns: 112, Time: 00:00:49

Health: -3/17      AC:  1    Str:  7    XL:     2   Next: 45%
Magic:  2/5        EV: 12    Int: 17    God:
Gold:   0          SH:  0    Dex: 12    Spells: 2 memorised, 3 levels left

rFire  . . .     SeeInvis .       - Unarmed
rCold  . . .     Gourm    .     (no shield)
rNeg   . . .     Faith    .     (helmet restricted)
rPois  .         Spirit   .     (no amulet)
rElec  .         Dismiss  .     (no ring)
rCorr  .         Reflect  .     (no ring)
SustAt .         Harm     .     (no ring)
MR     .....                    (no ring)
Stlth  +++.......               (no ring)
                                (no ring)
                                (no ring)
                                (no ring)

@: very slightly contaminated, not resistant to hostile enchantments, fairly
stealthy
A: almost no armour, amphibious, 8 rings, constrict 8, camouflage 1, gelatinous
body 1
a: no special abilities


You were on level 2 of the Dungeon.
You were not hungry.

You visited 1 branch of the dungeon, and saw 2 of its levels.

Inventory:

Books
 a - a book of Necromancy

   Spells                             Type                      Level
   a - Pain                           Necromancy                   1
   b - Animate Skeleton               Necromancy                   1
   c - Vampiric Draining              Necromancy                   3
   d - Regeneration                   Charms/Necromancy            3
   e - Animate Dead                   Necromancy                   4
   f - Control Undead                 Necromancy                   4
Comestibles
 b - a bread ration
 c - 2 chunks of flesh


   Skills:
 - Level 2.0 Dodging
 - Level 2.6 Stealth
 + Level 2.0 Unarmed Combat
 - Level 2.0 Spellcasting
 - Level 4.0 Necromancy


You had 3 spell levels left.
You knew the following spells:

 Your Spells              Type           Power        Failure   Level  Hunger
a - Pain                  Necr           ###.         3%          1    #......
b - Animate Skeleton      Necr           N/A          3%          1    #......


Dungeon Overview and Level Annotations

Branches:
Dungeon (2/15)

Altars:


Innate Abilities, Weirdness & Mutations

You cannot wear most types of armour.
You are amphibious.
You can wear up to eight rings at the same time.
You can use your tentacles to constrict eight enemies at once.
Your skin changes colour to match your surroundings (Stealth).
Your rubbery body absorbs attacks (AC +1).


Message History

The gnoll shouts!
You see here a giant gecko corpse.
A bat comes into view.
Found 17 stones.
A hobgoblin comes into view. It is wielding a club.
An adder and a worm come into view.
You aren't carrying any potions.
Read which item? (? for menu, Esc to quit)
Okay, then.
You aren't carrying any items that you can evoke.
Found 9 gold pieces.
The hobgoblin shouts!
The bat closely misses you. The bat hits you.
* * * LOW HITPOINT WARNING * * *
The bat barely misses you. The bat barely misses you.
The bat closely misses you. The bat barely misses you.
The hobgoblin hits you with a club.
You die...

### ####w#
...#♣#....#
....#.....##
.........w.##
........g#..###.
.....(..S##.....
..........b.....P
.......gg.......P
..####..@........
##......$...
#......#...
#.....#♣ .
#......#
.........
........##
..........


You could see a worm, a gnoll, an adder, a hobgoblin, a goblin and a bat.

Vanquished Creatures
  An adder (D:2)
  A giant gecko (D:2)
  A goblin (D:2)
  A hobgoblin (D:1)
  A kobold (D:1)
5 creatures vanquished.

Notes
Turn   | Place    | Note
--------------------------------------------------------------
     0 | D:1      | M4edhros the Octopode Necromancer began the quest for the Orb.
     0 | D:1      | Reached XP level 1. HP: 11/11 MP: 3/3
    21 | D:1      | Learned a level 1 spell: Animate Skeleton
    81 | D:2      | Reached skill level 1 in Unarmed Combat
    85 | D:2      | Reached XP level 2. HP: 2/17 MP: 5/5
   112 | D:2      | Slain by a hobgoblin

Vault maps used:
D:1:      dpeg_arrival_renting
D:2:      serial_forest, infiniplex_forest_clump_long,
          infiniplex_forest_lined_1, infiniplex_forest_corner_1,
          infiniplex_forest_clump_double, infiniplex_forest_straight_2,
          infiniplex_forest_straight_2, infiniplex_forest_corner_1,
          infiniplex_forest_clump_diagonal, infiniplex_forest_clump_small,
          kennysheep_decorative_pillar

Skill      XL: |  1 |
---------------+----+-----
Unarmed Combat | 2 |  2.0
Dodging        | |  2.0
Stealth        | |  2.6
Spellcasting   | |  2.0
Necromancy     | |  4.0

Action                   || total
-------------------------++-------
Melee: Unarmed           ||    13
       Constrict         ||     4
       Tentacles         ||     3
 Cast: Animate Skeleton  ||     2
       Pain              ||     4
 Stab: Sleeping          ||     1
Armor: Skin              ||     1
Dodge: Dodged            ||    12
